 Dungeon Crawl Stone Soup version 0.23-a0-79-gaa8cc03 (webtiles) character file.

12 Amnesiac the Gusty (level 2, -1/19 HPs)
             Began as a Mummy Air Elementalist on Aug 11, 2018.
             Slain by a worker ant (5 damage)
             ... on level 4 of the Dungeon.
             The game lasted 00:02:50 (428 turns).

Amnesiac the Gusty (Mummy Air Elementalist)          Turns: 428, Time: 00:02:50

Health: -1/19      AC:  2    Str: 11    XL:     2   Next: 20%
Magic:  0/5        EV: 12    Int: 14    God:
Gold:   17         SH:  0    Dex: 12    Spells: 5/6 levels left

rFire    x . .     SeeInvis .   (no weapon)
rCold    + . .     Gourm    .   (no shield)
rNeg     + + +     Faith    .   a - +0 robe
rPois    ∞         Spirit   .   (no helmet)
rElec    .         Reflect  .   (no cloak)
rCorr    .         Harm     .   (no gloves)
MR       .....                  (no boots)
Stlth    ++........             (no amulet)
HPRegen  0.06/turn              (no ring)
MPRegen  0.09/turn              (no ring)

@: very slightly contaminated
A: no food or potions, fire vulnerability, cold resistance 1, negative energy
resistance 3, torment resistance, unbreathing
a: no special abilities


You were on level 4 of the Dungeon.
You were not hungry.

You visited 1 branch of the dungeon, and saw 4 of its levels.

You collected 17 gold pieces.

Inventory:

Armour
 a - a +0 robe (worn)


   Skills:
 - Level 1.5 Dodging
 - Level 1.5 Stealth
 + Level 2.9 Spellcasting
 - Level 0.7 Conjurations
 * Level 2.9 Air Magic


You had 5 spell levels left.
You knew the following spells:

 Your Spells              Type           Power        Failure   Level  Hunger
a - Shock                 Conj/Air       #...         10%         1    N/A

Your spell library contained the following spells:

 Spells                   Type           Power        Failure   Level  Hunger
 Lightning Bolt           Conj/Air       #.........   95%         5    N/A
 Swiftness                Chrm/Air       #.......     19%         2    N/A
 Airstrike                Air            ##........   54%         4    N/A
 Static Discharge         Conj/Air       #.......     30%         3    N/A

Dungeon Overview and Level Annotations

Branches:
Dungeon (4/15)
 Temple: D:4-7

Altars:


Innate Abilities, Weirdness & Mutations

You do not eat or drink.
Your flesh is vulnerable to fire.
You are immune to poison.
Your flesh is cold resistant. (rC+)
You are immune to negative energy. (rN+++)
You are immune to unholy pain and torment.
You can survive without breathing.


Message History

You miscast Shock.
Sparks fly from your hands! The worker ant barely misses you.
The worker ant bites you.
Casting: Shock (safe; 10% risk of failure)
Confirm with . or Enter, or press ? or * to list all spells.
You don't have enough magic to cast that spell.
Casting: Shock (safe; 10% risk of failure)
Confirm with . or Enter, or press ? or * to list all spells.
You don't have enough magic to cast that spell.
Casting: Shock (safe; 10% risk of failure)
Confirm with . or Enter, or press ? or * to list all spells.
You don't have enough magic to cast that spell.
Casting: Shock (safe; 10% risk of failure)
Confirm with . or Enter, or press ? or * to list all spells.
You don't have enough magic to cast that spell.
Really read
b - a scroll labeled HULLEI XUEKYG {!r}?
As you read the scroll labeled HULLEI XUEKYG {!r}, it crumbles to dust.
You feel aware of your surroundings.
You sensed 1 shop/portal.
It was a scroll of magic mapping {!r}.
The worker ant bites you.
* * * LOW HITPOINT WARNING * * *
The worker ant bites you but does no damage.
The worker ant closely misses you.
You open the door. The worker ant closely misses you.
There is an open door here.
Casting: Shock (safe; 10% risk of failure)
Confirm with . or Enter, or press ? or * to list all spells.
Aiming: Shock (safe; 10% risk of failure)
Press: ? - help, Shift-Dir - straight line The zap hits the worker ant.
The worker ant is moderately wounded.
The zap hits the worker ant.
The worker ant is heavily wounded.
The worker ant barely misses you. The worker ant closely misses you.
You open the door. The worker ant closely misses you.
The worker ant barely misses you.
There is an open door here.
Casting: Shock (safe; 10% risk of failure)
Confirm with . or Enter, or press ? or * to list all spells.
Aiming: Shock (safe; 10% risk of failure)
Press: ? - help, Shift-Dir - straight line The zap hits the worker ant.
The worker ant is heavily wounded.
The zap misses the worker ant.
The worker ant bites you.
* * * LOW HITPOINT WARNING * * *
The worker ant closely misses you.
There is an open door here.
The worker ant misses you.
There is an open door here.
Casting: Shock (safe; 10% risk of failure)
Confirm with . or Enter, or press ? or * to list all spells.
Aiming: Shock (safe; 10% risk of failure)
Press: ? - help, Shift-Dir - straight line, f - worker ant
Aim: a worker ant (heavily wounded)
Okay, then.
Casting: Shock (safe; 10% risk of failure)
Confirm with . or Enter, or press ? or * to list all spells.
Aiming: Shock (safe; 10% risk of failure)
Press: ? - help, Shift-Dir - straight line The zap hits the worker ant.
The worker ant is heavily wounded.
The zap hits the worker ant.
The worker ant is severely wounded.
The worker ant barely misses you. The worker ant bites you.
You die...

******** ###########******,,,,,,,
#.........+,,,,,*,,,,,,,
#.........#,,,,,*,,,,,,,
#.........#,,,,,*,,,,,,,
########'####'######*,,,,,,,
######...#.....a@.........,,,****
.........#.<..............,,,*,,,
.........'................,,,*,,,
.........#................,,,+,,,
##'#######................,,,*,,,
<..............##########+******+
...............+,,,,,,,*,,,,*,,,,
...............#,>,,,,,*,,,,*,,,,
...............#,,,,,,,*,,,,*,,,,


You could see a worker ant.

Vanquished Creatures
  A ball python (D:3)
  2 giant cockroaches (D:3)
  2 goblins
  A hobgoblin (D:3)
  3 jackals (D:1)
  A kobold (D:3)
10 creatures vanquished.

Notes
Turn   | Place    | Note
-------+----------+-------------------------------------------
     0 | D:1      | Amnesiac the Mummy Air Elementalist began the quest for the Orb.
     0 | D:1      | Reached XP level 1. HP: 13/13 MP: 4/4
   283 | D:3      | Reached XP level 2. HP: 16/19 MP: 2/5
   428 | D:4      | Slain by a worker ant

Vault maps used:
D:1:      dpeg_arrival_short_road
D:2:      roderic_filled_cross
D:3:      first_ration, roderic_serpentine_path, uniq_natasha, uniq_terence
D:4:      serial_shops, shop, cheibrodos_gnoll_hut

Action                   || total
-------------------------++-------
Melee: Unarmed           ||     5
 Cast: Shock             ||    21
  Use: Scroll            ||     1
Armor: Robe              ||     6
Dodge: Dodged            ||    33

Table legend:
 A = Non-vault XP
 B = Vault XP
 C = Vault XP percentage of total XP
 D = Non-vault monster count
 E = Vault monster count
 F = Vault count percentage of total count
 G = Total turns spent on level
                 A         B        C        D         E       F
            +---------+---------+-------+---------+---------+-------
      Total |      18 |       0 |   0.0 |      10 |       0 |   0.0
            +---------+---------+-------+---------+---------+-------
        D:1 |       8 |       0 |   0.0 |       4 |       0 |   0.0
        D:3 |       9 |       0 |   0.0 |       5 |       0 |   0.0
        D:4 |       1 |       0 |   0.0 |       1 |       0 |   0.0
            +---------+---------+-------+---------+---------+-------
